 Dungeon Sprint DCSS version 0.21.1-1-g345015f (webtiles) character file.

291 rob the Fighter (level 6, 0/85 HPs)
             Began as a Demonspawn Chaos Knight on Mar 24, 2018.
             Slain by Sonja
             ... wielding a +2 dagger of venom
              (3 damage)
             ... in the Dungeon (Sprint I: "Red Sonja").
             The game lasted 00:04:50 (241 turns).

rob the Fighter (Demonspawn Chaos Knight)            Turns: 241, Time: 00:04:52

Health: 0/85       AC:  7    Str: 20    XL:     6   Next: 10%
Magic:  6/6        EV: 12    Int: 13    God:    Xom [..*...]
Gold:   176        SH:  0    Dex: 12    Spells: 5/5 levels left

rFire    + . .     SeeInvis .   a - +0 hand axe (chaos)
rCold    . . .     Gourm    .   (no shield)
rNeg     . . .     Faith    .   b - +2 leather armour
rPois    .         Spirit   .   (no helmet)
rElec    .         Reflect  .   (no cloak)
rCorr    .         Harm     .   (no gloves)
MR       .....     NoTele   +   (no boots)
Stlth    ..........             (no amulet)
HPRegen  0.24/turn              (no ring)
MPRegen  0.10/turn              (no ring)

@: berserking, lethally poisoned (0 -> -56), slowed
A: talons 2, iridescent scales 1, fire resistance 1
a: Renounce Religion


You were in the Dungeon.
You worshipped Xom.
You were a toy of Xom.
You were not hungry.

You visited 1 branch You collected 176 gold pieces.

Inventory:

Hand Weapons
 a - a +0 hand axe of chaos (weapon)
 j - a +0 scythe
Armour
 b - a +2 leather armour (worn)
 k - a +0 robe
 l - a +0 ring mail
Wands
 d - a wand of flame (6)
Scrolls
 i - a scroll of blinking
Potions
 e - a potion of degeneration {unknown}
 f - a potion of haste
 g - 2 potions of magic
Comestibles
 c - a ration


   Skills:
 + Level 8.4 Fighting
 + Level 8.1 Axes
 + Level 4.7 Armour
 + Level 2.1 Dodging
 + Level 1.2 Evocations


You had 5 spell levels left.
You didn't know any spells.

Dungeon Overview and Level Annotations

Branches:
Dungeon (1/1)

Altars:
Sif Muna
Vehumet
Wu Jian

Annotations:
D Sonja


Innate Abilities, Weirdness & Mutations

You have razor-sharp toenails.
You are partially covered in iridescent scales. (AC +2)
Your flesh is heat resistant. (rF+)


Message History

You feel as though you will be slow longer.
There is an open door here.
You see here 3 curare-tipped needles.
A red film seems to cover your vision as you go berserk!
You feel yourself moving faster!
You feel mighty!
Xom is amused.
* * * LOW HITPOINT WARNING * * *
You feel extremely sick.
Sonja unwields an uncursed enchanted blowgun.
Sonja wields an uncursed dagger of venom.
It begins to drip with poison!
Sonja hits you but does no damage.
You are more poisoned.
Sonja hits you but does no damage. Sonja closely misses you.
You completely miss Sonja. Your kick misses Sonja.
* * * LOW HITPOINT WARNING * * *
You feel very sick. Sonja barely misses you.
Sonja hits you with an uncursed dagger of venom.
You die...
Xom chuckles heartily!

#<.#..)..#..'..#
#..').#..'..#..+
#..#####'#####'#
#..# #..# #.#
#..# #### ##.#
#..# #+#_.+ #⌠⌠#
+..._# ####
#_(#+# ##@# #K#
$.$ #$.$# ##.##
#+#


You could see Sonja.

Vanquished Creatures
  Sigmund (D)
  An ogre (D)
  A jelly (D)
  Ijyb (D)
4 creatures vanquished.

Notes
Turn   | Place    | Note
-------+----------+-------------------------------------------
     0 | D        | rob the Demonspawn Chaos Knight began the quest for the Orb.
     0 | D        | Reached XP level 1. HP: 18/18 MP: 1/1
     2 | D        | Noticed Ijyb
     7 | D        | XOM: potion effect (brilliance)
     9 | D        | Killed Ijyb
     9 | D        | Reached skill level 1 in Dodging
     9 | D        | Gained mutation: You have sharp toenails. [demonic ancestry]
     9 | D        | Reached XP level 2. HP: 26/26 MP: 2/2
    14 | D        | Noticed an ogre
    18 | D        | Killed an ogre
    18 | D        | Reached XP level 3. HP: 18/35 MP: 3/3
    18 | D        | Gained mutation: You have razor-sharp toenails. [demonic ancestry]
    18 | D        | Reached XP level 4. HP: 21/41 MP: 4/4
   185 | D        | Noticed Sigmund
   199 | D        | Killed Sigmund
   199 | D        | Reached skill level 1 in Evocations
   199 | D        | Gained mutation: Your flesh is heat resistant. (rF+) [demonic ancestry]
   199 | D        | Reached XP level 5. HP: 48/49 MP: 5/5
   215 | D        | Found an ornate altar of the Wu Jian Council.
   215 | D        | Found a deep blue altar of Sif Muna.
   218 | D        | Found a radiant altar of Vehumet.
   223 | D        | Gained mutation: You are partially covered in iridescent scales. (AC +2) [demonic ancestry]
   223 | D        | Reached XP level 6. HP: 47/57 MP: 6/6
   235 | D        | Noticed Sonja
   241 | D        | HP: 3/85 [poisoned by Sonja]
   241 | D        | Slain by Sonja

Skill      XL: |  1  2  3  4  5 |
---------------+----------------+-----
Fighting       | 4 6 8 |  8.4
Axes           | 4 6 7 8 |  8.1
Armour         | 2 3 4 |  4.7
Dodging        | 1 2 |  2.1
Evocations     | 1 |  1.2

Action                   |  1- 3 |  4- 6 || total
-------------------------+-------+-------++-------
Melee: Hand axe          |     7 |    16 ||    23
       Kick              |     2 |     4 ||     6
Evoke: Wand              |     1 |     4 ||     5
  Use: Potion            |     2 |     1 ||     3
Armor: Leather armour    |       |     6 ||     6
Dodge: Dodged            |     2 |    12 ||    14
